 Dungeon Crawl Stone Soup version 0.20.0 (webtiles) character file.

307 FakerFangirl the Cudgeler (level 6, -6/52 HPs)
             Began as a Draconian Fighter on May 26, 2017.
             Mangled by fanggot's ghost (10 damage)
             ... on level 4 of the Dungeon.
             The game lasted 00:04:11 (3836 turns).

FakerFangirl the Cudgeler (Draconian Fighter)       Turns: 3836, Time: 00:04:12

Health: -6/52      AC:  7    Str: 18    XL:     6   Next: 16%
Magic:  6/6        EV: 10    Int:  9    God:
Gold:   164        SH:  9    Dex: 12    Spells: 5/5 levels left

rFire    . . .     SeeInvis .   Y - +0 mace (curse)
rCold    . . .     Gourm    .   b - +0 shield
rNeg     . . .     Faith    .   (armour unavailable)
rPois    .         Spirit   .   (helmet restricted)
rElec    .         Reflect  .   (no cloak)
rCorr    .         Harm     .   (no gloves)
MR       .....                  a - +0 pair of boots
Stlth    +.........             (no amulet)
Regen    0.2/turn               (no ring)
MPRegen  0.1/turn               (no ring)

@: no status effects
A: unfitting armour, cold-blooded, AC +6
a: no special abilities


You were on level 4 of the Dungeon.
You were not hungry.

You visited 1 branch of the dungeon, and saw 4 of its levels.

You collected 164 gold pieces.


Innate Abilities, Weirdness & Mutations

Your plain brown scales are hard. (AC +6)
You cannot fit into any form of body armour.
You are cold-blooded and may be slowed by cold attacks.


   Skills:
 - Level 4.1 Fighting
 + Level 6.2 Maces & Flails
 - Level 2.6 Dodging
 - Level 3.0 Shields


You had 5 spell levels left.
You didn't know any spells.

Inventory:

Hand Weapons
 p - a +0 flail
 Y - a cursed +0 mace (weapon)
Armour
 a - a +0 pair of boots (worn)
 b - a +0 shield (worn)
Jewellery
 g - an uncursed ring of see invisible {unknown}
 j - an uncursed ring of wizardry {unknown}
Wands
 q - a wand of flame (28/48)
Scrolls
 m - a scroll of enchant armour {unknown}
Potions
 c - 2 potions of might
 h - a potion of berserk rage {unknown}
 i - a potion of flight {unknown}
 k - a potion of resistance {unknown}
 l - a potion of agility {unknown}
 n - a potion of curing
Comestibles
 d - 4 bread rations

Dungeon Overview and Level Annotations

Branches:
Dungeon (4/15)
 Temple: D:4-7

Altars:
Dithmenos
Okawaru
Qazlal
Sif Muna
The Shining One

Annotations:
D:4 fanggot's ghost, amateur DsFi


Message History

You hit fanggot's ghost but do no damage.
You tail-slap fanggot's ghost, but do no damage.
Fanggot's ghost is lightly damaged.
Fanggot's ghost hits you!
You hit fanggot's ghost but do no damage.
Fanggot's ghost is lightly damaged.
Fanggot's ghost barely misses you.
You hit fanggot's ghost but do no damage.
Fanggot's ghost is lightly damaged.
You block fanggot's ghost's attack.
You hit fanggot's ghost.
Fanggot's ghost is moderately damaged.
Fanggot's ghost hits you.
You hit fanggot's ghost but do no damage.
Fanggot's ghost is moderately damaged.
Fanggot's ghost hits you. You block fanggot's ghost's attack.
You hit fanggot's ghost but do no damage.
Fanggot's ghost is moderately damaged.
Fanggot's ghost hits you!
You die...

... .. # .. #.
. #..# .#####
#.W#.###......
###...#@....###
......#W###....
#...# .. #
######..#.#
..........#
######....#
###....# #####


You could see fanggot's ghost.

Vanquished Creatures
  3 hounds
  An orc wizard (D:4)
  An iguana (D:4)
  A hound skeleton (D:4)
  3 adders
  3 gnolls (D:2)
  5 worms (D:2)
  3 dart slugs
  5 leopard geckos
  3 orcs (D:4)
  6 giant cockroaches
  8 goblins
  6 hobgoblins
  7 jackals
  2 quokkas
  5 bats
  3 frilled lizards
  3 kobolds (D:2)
  6 rats
74 creatures vanquished.

Notes
Turn   | Place    | Note
-------+----------+-------------------------------------------
     0 | D:1      | FakerFangirl the Draconian Fighter began the quest for the Orb.
     0 | D:1      | Reached XP level 1. HP: 19/19 MP: 1/1
     0 | D:1      | 0 ||| counter = 43
   250 | D:1      | Reached XP level 2. HP: 26/26 MP: 2/2
   367 | D:1      | Reached skill level 3 in Maces & Flails
   771 | D:1      | 771 ||| SWAPPING to runed whip.
   772 | D:1      | 772 ||| SWAPPING to +0 flail.
   773 | D:1      | 773 ||| DROPPING +1 whip of venom.
   959 | D:1      | 959 ||| UPGRADING to pair of boots.
   964 | D:1      | 964 ||| READING scroll labeled AWEIGU AGIADGH.
   965 | D:1      | 965 ||| READING scroll labeled ZIOROA CUKO.
   966 | D:1      | 966 ||| READING scroll labeled PUDDAPHEASK.
   970 | D:1      | 970 ||| READING scroll labeled VEM OLEXAPUQID.
   982 | D:2      | 982 ||| STAIRDANCE
  1048 | D:2      | Reached XP level 3. HP: 31/31 MP: 3/3
  1248 | D:2      | Reached skill level 4 in Maces & Flails
  1260 | D:2      | HP: 7/31 [poisoned by a gnoll]
  1268 | D:2      | HP: 6/31 [poisoned by a gnoll]
  1511 | D:2      | Reached XP level 4. HP: 35/38 MP: 4/4
  2123 | D:2      | 2123 ||| EATING royal jelly.
  2333 | D:2      | 2333 ||| DRINKING 2 grey potions.
  2370 | D:3      | Found a shadowy altar of Dithmenos.
  2469 | D:3      | Found a stormy altar of Qazlal.
  2471 | D:3      | Noticed a fire elemental
  2471 | D:3      | Noticed an air elemental
  2472 | D:3      | Noticed a water elemental
  2472 | D:3      | Noticed an earth elemental
  2527 | D:3      | Reached skill level 5 in Maces & Flails
  2974 | D:3      | Found a deep blue altar of Sif Muna.
  2974 | D:3      | Found a glowing golden altar of the Shining One.
  2988 | D:3      | 2988 ||| SWAPPING to glowing mace.
  3051 | D:3      | Reached XP level 5. HP: 41/45 MP: 5/5
  3083 | D:3      | 3083 ||| READING scroll labeled TUXZOA SYEPH.
  3084 | D:3      | 3084 ||| READING 2 scrolls labeled FEFUIM MYNE.
  3085 | D:3      | 3085 ||| DRINKING 2 bubbling black potions.
  3114 | D:3      | 3114 ||| READING scroll of identify.
  3114 | D:3      | 3114 ||| IDENTIFYING lumpy beryl amulet
  3115 | D:3      | 3115 ||| DROPPING cursed amulet of inaccuracy.
  3116 | D:3      | 3116 ||| DROPPING potion of lignification.
  3194 | D:4      | Noticed an orc warrior
  3204 | D:4      | 3204 ||| Stepping ~*~*~tactically~*~*~ (outnumbered).
  3206 | D:4      | 3206 ||| Stepping ~*~*~tactically~*~*~ (outnumbered).
  3207 | D:4      | 3207 ||| Stepping ~*~*~tactically~*~*~ (outnumbered).
  3208 | D:4      | 3208 ||| Stepping ~*~*~tactically~*~*~ (outnumbered).
  3209 | D:4      | 3209 ||| Stepping ~*~*~tactically~*~*~ (outnumbered).
  3325 | D:4      | Found an iron altar of Okawaru.
  3346 | D:4      | Reached skill level 6 in Maces & Flails
  3387 | D:4      | Noticed an orc warrior
  3389 | D:4      | HP: 10/45 [orc warrior/glaive (16)]
  3390 | D:4      | 3390 ||| READING 2 scrolls of teleportation.
  3650 | D:4      | HP: 9/46 [iguana (4)]
  3651 | D:4      | 3651 ||| READING scroll of teleportation.
  3653 | D:4      | Reached XP level 6. HP: 5/52 MP: 6/6
  3788 | D:4      | Noticed fanggot's ghost (amateur DsFi)
  3795 | D:4      | 3795 ||| EATING royal jelly.
  3831 | D:4      | HP: 7/52 [fanggot's ghost (7)]
  3836 | D:4      | Mangled by fanggot's ghost

Vault maps used:
D:1:      dpeg_arrival_radiant, serial_forest, infiniplex_forest_clump_tiny,
          infiniplex_forest_corner_2, infiniplex_forest_3_way,
          infiniplex_forest_clump_long, infiniplex_forest_clump_curved,
          infiniplex_forest_pool
D:2:      minivault_4
D:3:      gammafunk_temple_overflow_pools, overflow_temple_1_default,
          nicolae_qazlal_style_of_elements, first_bread, fountainhead
D:4:      grunt_temple_overflow_lords_of_destruction, okawaru_trees_2,
          minivault_4, hangedman_abyss_or_decor_stabs

Skill      XL: |  1  2  3  4  5 |
---------------+----------------+-----
Maces & Flails | 3 4 5 6 |  6.2
Fighting       | 4 |  4.1
Dodging        | |  2.6
Shields        | |  3.0

Action                   |  1- 3 |  4- 6 || total
-------------------------+-------+-------++-------
Melee: Flail             |    94 |   120 ||   214
       Tailslap          |    11 |    24 ||    35
       Mace              |       |    84 ||    84
  Use: Scroll            |     4 |     5 ||     9
       Potion            |       |     2 ||     2
  Eat: Chunk             |     2 |     4 ||     6
       Royal jelly       |       |     2 ||     2
Armor: Skin              |    31 |    46 ||    77
Dodge: Dodged            |    33 |    77 ||   110
Block: Shield            |    41 |    91 ||   132
